 Dungeon Crawl Stone Soup version 0.29-a0-409-gd843f3a48c (webtiles) character file.

Game seed: 7275256476994177174

55 thiscave3701365 the Chopper (level 3, -2/28 (33) HPs)
             Began as a Minotaur Berserker on May 13, 2022.
             Was a Believer of Trog.
             Slain by a wight
             ... wielding a +0 battleaxe of flaming
              (9 damage)
             ... on level 6 of the Dungeon.
             The game lasted 00:04:36 (1973 turns).

thiscave3701365 the Chopper (Minotaur Berserker)    Turns: 1973, Time: 00:04:37

HP:   -2/28 (33)    AC:  9    Str: 23    XL:     3   Next: 67%
MP:   2/2           EV:  8    Int:  4    God:    Trog [**....]
Gold: 116           SH:  0    Dex:  9    Spells: 2/2 levels left

rFire   . . .      SeeInvis .   a - +0 hand axe
rCold   . . .      Faith    .   (no shield)
rNeg    . . .      Spirit   .   p - +0 chain mail
rPois   .          Reflect  .   (helmet restricted)
rElec   .          Harm     .   (no cloak)
rCorr   .          Rampage  .   (no gloves)
Will    .....                   (no boots)
Stlth   ..........              (no amulet)
HPRegen 0.09/turn               (no ring)
MPRegen 0.08/turn               (no ring)

@: heavily drained
A: horns 2, retaliatory headbutt
a: Renounce Religion, Berserk, Trog's Hand


You were on level 6 of the Dungeon.
You worshipped Trog.
Trog was pleased with you.
You visited 1 branch of the dungeon, and saw 4 of its levels.

You collected 116 gold pieces.

Inventory:

Hand Weapons
 a - a +0 hand axe (weapon)
 j - the +3 dagger "Yhetodghy" {vorpal, rPois Dex+4}
   (You found it on level 2 of the Dungeon)

   It inflicts extra damage upon your enemies.
   Dex:       It affects your dexterity (+4).
   rPois:     It protects you from poison.
Armour
 b - a +0 animal skin
 p - a +0 chain mail (worn)
Scrolls
 c - a scroll of noise {unknown}
 e - a scroll of amnesia {unknown}
 f - 4 scrolls of teleportation {unknown}
 i - a scroll of identify {unknown}
 k - 3 scrolls of enchant weapon {unknown}
 l - a scroll of silence {unknown}
 m - 3 scrolls of vulnerability {unknown}
Potions
 d - 5 potions of curing {unknown}
 g - 2 potions of heal wounds {unknown}
 h - a potion of mutation {unknown}
 n - a potion of brilliance {unknown}
 o - a potion of resistance {unknown}
 q - a potion of haste {unknown}


   Skills:
 + Level 4.2 Fighting
 + Level 4.2 Axes
 + Level 3.2 Armour
 + Level 2.9 Dodging


You had 2 spell levels left.
You didn't know any spells.
Your spell library was empty.

Dungeon Overview and Level Annotations

Branches:
Dungeon (3/15)

Altars:
Ashenzari
Trog

Shops:
D:1 (


Innate Abilities, Weirdness & Mutations

You have a pair of horns on your head.
You reflexively headbutt those who attack you in melee.


Message History

Found a quarterstaff.
There are monsters nearby!
Unknown command.
There are monsters nearby! 2 wights come into view.
A wight is wielding a +0 battleaxe and wearing a +2 robe of willpower.
Unknown command.
There are monsters nearby!
A howler monkey, a steam dragon and a wight come into view.
The wight is wielding a +0 battleaxe of flaming.
The howler monkey howls!
A scorpion comes into view.
There are monsters nearby!
The wight hits you with a +0 short sword.
You feel drained. The wight hits you but does no damage.
You fail to use your ability.
The wight hits you but does no damage. The wight closely misses you.
The wight hits you with a +0 short sword.
You feel drained.
You hit the wight.
The wight is lightly damaged.
You hit the wight but do no damage. You closely miss the wight. x2
The wight hits you with a +0 short sword!
You feel drained. The wight barely misses you.
The wight hits you with a +0 battleaxe of flaming.
The wight burns you. The wight closely misses you.
You are too injured to fight recklessly!
Unknown command.
You are too injured to fight recklessly!
You are too injured to fight recklessly!
Unknown command.
You are too injured to fight recklessly!
The wight attacks as you move away!
The wight hits you with a +0 short sword.
You feel drained. The wight attacks as you move away!
The wight hits you with a +0 mace.
* * * LOW HITPOINT WARNING * * *
You feel drained.
The wight hits you with a +0 battleaxe of flaming!
You die...

.########
....)...#
......sh#
......zz####
#.....zz@..#
#.....Dz##.#
........##.#
#.......##.#
##########.#
#.# ... #.#
..#


You could see a steam dragon, a scorpion, a howler monkey and 5 wights.

Vanquished Creatures
  A worm (D:2)
  3 dart slugs
  5 ball pythons
  4 bats
  2 giant cockroaches
  6 goblins
  5 hobgoblins
  3 jackals (D:2)
  4 kobolds
  3 quokkas
  2 frilled lizards (D:1)
  5 rats
43 creatures vanquished.

Notes
Turn   | Place    | Note
-------+----------+-------------------------------------------
     0 | D:1      | thiscave3701365 the Minotaur Berserker began the quest for
                  | the Orb.
     0 | D:1      | Reached XP level 1. HP: 19/19 MP: 0/0
   306 | D:1      | Reached XP level 2. HP: 26/27 MP: 1/1
   431 | D:1      | Found Jear's Antique Weapon Shop.
   902 | D:2      | Found a broken altar of Ashenzari.
  1047 | D:2      | Reached XP level 3. HP: 22/33 MP: 2/2
  1057 | D:2      | Identified the +3 dagger "Yhetodghy" {vorpal, rPois Dex+4}
  1229 | D:2      | Reached ** piety under Trog
  1724 | D:3      | Found a bloodstained altar of Trog.
  1902 | D:3      | Found a faded altar of an unknown god.
  1966 | D:3      | You fall into a shaft and drop 3 floors!
  1967 | D:6      | Noticed a wight
  1967 | D:6      | Noticed a wight
  1968 | D:6      | Noticed a wight
  1968 | D:6      | Noticed a wight
  1969 | D:6      | Noticed a steam dragon
  1969 | D:6      | Noticed a wight
  1969 | D:6      | Noticed a scorpion
  1973 | D:6      | Slain by a wight

Illustrated notes

Levels and vault maps discovered:
D:1:      heliophobic_arrival_enchanted_forest, layout_loops_ring, serial_shops,
          nicolae_shop_hallway_stairs, serial_glass, glass_columns_b,
          glass_columns_a, item_on_display_a, minmay_strange_pillars,
          feat_on_display, minmay_misc_feat_enclosed
D:2:      layout_basic, basic_altar, serial_bayou_ford_a
D:3:      layout_loops_ring, trog_book,
          nicolae_uskayaw_murder_on_the_dancefloor,
          nicolae_overflow_ecumenical_swirl, gammafunk_ghost_icy,
          kennysheep_path_1
D:6:      layout_loops_corners, nicolae_overflow_hallway_of_the_gods,
          minmay_temple_entry_overgrown, uniq_pikel

Skill      XL: |  1  2 |
---------------+-------+-----
Fighting       | 4 |  4.2
Axes           | 4 |  4.2
Armour         | 3 |  3.2
Dodging        | |  2.9

Action                   || total
-------------------------++-------
Melee: Hand axe          ||    69
       Headbutt          ||     6
       Dagger            ||    13
Armor: Animal skin       ||    15
       Chain mail        ||     2
Dodge: Dodged            ||    59

Table legend: (Time is in decaauts)
 A = Elapsed time spent in this place.
 B = Non-inter-level travel time spent in this place.
 C = Inter-level travel time spent in this place.
 D = Time resting spent in this place.
 E = Time spent auto-exploring this place.
 F = Levels seen in this place.
 G = Mean time per level.
                   A        B        C        D        E       F      G
               +--------+--------+--------+--------+--------+-----+--------+
         Total |   1992 |   1959 |     33 |      0 |   1668 |   4 |  498.0 |
       Dungeon |   1992 |   1959 |     33 |      0 |   1668 |   4 |  498.0 |
               +--------+--------+--------+--------+--------+-----+--------+

Top non-repeatable levels by time:
     D:1: 867 daAuts
     D:2: 807 daAuts
     D:3: 311 daAuts
     D:6: 6 daAuts
